 Dungeon Crawl Stone Soup version 0.17-a0-1248-g117de50 (webtiles) character file.

15782 HEYYEYAAE the Zephyrmancer (level 12, -8/87 HPs)
             Began as a Human Air Elementalist on June 5, 2015.
             Was a High Priest of Vehumet.
             Mangled by a hellwing (9 damage)
             ... summoned by an orc high priest
             ... on level 4 of the Orcish Mines.
             The game lasted 00:42:26 (9669 turns).

HEYYEYAAE the Zephyrmancer (Human Air Elementalist) Turns: 9669, Time: 00:42:27

Health: -8/87      AC:  6    Str:  9    XL:     12   Next: 62%
Magic:  3/33       EV: 17    Int: 23    God:    Vehumet [*****.]
Gold:   810        SH:  0    Dex: 20    Spells: 6 memorised, 10 levels left

rFire  . . .     SeeInvis .     D - +9 rapier of Income {holy, MR+ MP+9 Dex+2}
rCold  . . .     Clarity  .     N - +0 robe {MR+}
rNeg   . . .     SustAt   .     (no shield)
rPois  +         Gourm    .     (no helmet)
rElec  .         Spirit   .     r - +2 cloak
rCorr  .         Warding  .     (no gloves)
rMut   .         Stasis   .     v - +0 pair of boots
MR     ++...                    (no amulet)
Stlth  ++........               G - ring of Nixkinil {Int+3 Dex+4}
                                L - ring of poison resistance

@: drained, very resistant to hostile enchantments, unstealthy
A: no striking features
a: Renounce Religion


You were on level 4 of the Orcish Mines.
You worshipped Vehumet.
Vehumet was extremely pleased with you.
You were not hungry.

You visited 2 branches of the dungeon, and saw 16 of its levels.
You also visited: Bailey.

You collected 952 gold pieces.
You spent 142 gold pieces at shops.

Inventory:

Hand weapons
 f - a +2 spear of freezing
 h - a +2 flail of holy wrath
 l - a +2 war axe of flaming
 B - a +3 dagger
 C - the +12 dagger of Sunlight {pain, Int+4}
   (You found it on level 9 of the Dungeon)

   In the hands of one skilled in necromantic magic, it inflicts extra damage on
   living creatures.
   It affects your intelligence (+4).
 D - the +9 rapier of Income (weapon) {holy, MR+ MP+9 Dex+2}
   (You found it on level 7 of the Dungeon)

   It has been blessed by the Shining One to cause great damage to the undead
   and demons.
   It affects your dexterity (+2).
   It affects your resistance to hostile enchantments.
   It affects your magic capacity (+9).
 O - a +2 flail of protection
Armour
 g - a +0 helmet
 j - the +0 robe "Fuuch" {-Tele rPois rCorr Dex+4}
   (You bought it in a shop on level 4 of the Dungeon)

   It affects your dexterity (+4).
   It protects you from poison.
   It prevents most forms of teleportation.
   It protects you from acid and corrosion.
 r - a +2 cloak (worn)
 v - a +0 pair of boots (worn)
 A - a +1 ring mail of fire resistance
 K - a +0 robe of positive energy
 N - a +0 robe of magic resistance (worn)
Jewellery
 i - an uncursed ring of fire
 t - an uncursed ring of fire
 u - an uncursed ring of teleportation
 G - the ring of Nixkinil (right hand) {Int+3 Dex+4}
   (You found it on level 7 of the Dungeon)

   [ring of intelligence]

   It affects your intelligence (+3).
   It affects your dexterity (+4).
 L - a ring of poison resistance (left hand)
Magical devices
 p - a wand of disintegration (0)
 y - a wand of magic darts (16)
 I - a wand of lightning (0)
Scrolls
 d - 7 scrolls of remove curse
 e - 3 scrolls of enchant armour
 o - a scroll of amnesia
 w - a scroll of fog
 x - a scroll of magic mapping {unknown}
 z - a scroll of immolation {unknown}
 E - 2 scrolls of recharging {unknown}
 F - a scroll of random uselessness {unknown}
 P - a scroll of vulnerability {unknown}
Potions
 q - 2 potions of flight
 J - a potion of cancellation
Books
 a - a book of Necromancy

   Spells                             Type                      Level
   a - Pain                           Necromancy                   1
   b - Animate Skeleton               Necromancy                   1
   c - Vampiric Draining              Necromancy                   3
   d - Regeneration                   Charms/Necromancy            3
   e - Animate Dead                   Necromancy                   4
   f - Control Undead                 Necromancy                   4
 b - a book of Air

   Spells                             Type                      Level
   a - Shock                          Conjuration/Air              1
   b - Swiftness                      Charms/Air                   2
   c - Repel Missiles                 Charms/Air                   2
   d - Static Discharge               Conjuration/Air              3
   e - Lightning Bolt                 Conjuration/Air              5
 k - a book of Ice

   Spells                             Type                      Level
   a - Ice Form                       Ice/Transmutation            4
   b - Metabolic Englaciation         Hexes/Ice                    5
   c - Ozocubu's Refrigeration        Ice                          6
   d - Bolt of Cold                   Conjuration/Ice              6
   e - Freezing Cloud                 Conjuration/Ice/Air          6
   f - Simulacrum                     Ice/Necromancy               6
Comestibles
 c - 7 bread rations
 s - 4 fruits
 M - a meat ration


   Skills:
 + Level 5.8(5.4) Fighting
 + Level 5.7(5.4) Armour
 + Level 6.4(6.0) Dodging
 - Level 2.0(1.6) Stealth
 * Level 8.3(8.0) Spellcasting
 + Level 7.6(7.2) Conjurations
 * Level 7.2(6.8) Charms
 + Level 4.6(4.3) Necromancy
 * Level 9.2(8.8) Air Magic


You had 10 spell levels left.
You knew the following spells:

 Your Spells              Type           Power        Failure   Level  Hunger
a - Shock                 Conj/Air       ####         1%          1    None
b - Static Discharge      Conj/Air       #####...     1%          3    None
c - Regeneration          Chrm/Necr      ####......   1%          3    None
d - Lightning Bolt        Conj/Air       #####.....   2%          5    #####..
e - Vampiric Draining     Necr           ####......   4%          3    None
f - Repel Missiles        Chrm/Air       #####.       1%          2    None


Dungeon Overview and Level Annotations

Branches:
Dungeon (12/15)            Temple (0/1) D:5            Lair (0/8) D:9
    Orc (4/4) D:11
    Elf: Orc:3-4

Altars:
Ashenzari
Makhleb
Okawaru
Ru
Vehumet
Xom
Beogh

Shops:
D:4 [   Orc:2 %

Annotations:
D:3 Sigmund
D:4 Charly's ghost, weakling GrBe
D:5 Edmund
Orc:2 Rupert


Message History

Something smites you!
* * * LOW HITPOINT WARNING * * *
Drink which item? (? for menu, Esc to quit)
Okay, then.
You puncture the orc high priest!
The orc high priest is almost dead.
The hellwing closely misses you. The hellwing hits you.
* * * LOW HITPOINT WARNING * * *
The orc high priest utters an invocation to Beogh.
The orc high priest is healed somewhat.
Unknown command.
You hit the orc high priest.
The orc high priest is almost dead.
The hellwing completely misses you. The hellwing closely misses you.
The orc high priest closely misses you.
The orc sorcerer gestures at the surrounding area while chanting.
The dead are walking!
The hellwing hits you!
* * * LOW HITPOINT WARNING * * *
The hellwing hits you!
You die...

...........##.. #..
........... ... .
...o..# ...# ##...
...#..#..#.. .#..#
$..#....###..
#....# #.....#
#.....# #......
......#
#.....o#####......#
#.....Z@4.Z.....#
##......o......##
###############


You could see an orc high priest, a hellwing, an orc sorcerer, an orc zombie and
an orc zombie.

Vanquished Creatures
  Harold (Orc:1)
  A hydra (D:12)
  Erolcha (D:10)
  The ghost of confidenceinterval the Slicer, an experienced HEHu of Okawaru (D:10)
  4 orc knights
  2 hill giants
  2 orc sorcerers
  An ugly thing (D:11)
  2 centaur zombies (D:11)
  Maurice (D:11)
  Psyche (D:12)
  A troll (D:11)
  A wraith (D:11)
  6 yaks
  4 hippogriffs
  2 deep elf magi
  2 wargs (Orc:1)
  14 orc warriors
  An ice beast (D:9)
  A phantom (D:6)
  4 ogres
  The ghost of HEYYEYAAE the Gusty, an average HuAE (D:3)
  6 centaurs
  A gnoll sergeant (D:8)
  3 giant frogs
  A wyvern zombie (D:12)
  6 scorpions
  13 killer bees
  4 hounds
  6 crimson imps
  2 jellies
  A giant frog skeleton (D:9)
  A gnoll shaman (D:7)
  16 orc priests
  18 orc wizards
  3 iguanas
  6 worker ants
  A hound skeleton (D:6)
  26 gnolls
  4 adders
  An adder zombie (D:9)
  4 worms
  7 giant geckos
  92 orcs
  15 bats
  4 giant cockroaches
  8 goblins
  25 hobgoblins
  20 jackals
  17 kobolds
  2 quokkas
  2 ball pythons
  A giant gecko zombie (D:6)
  4 giant newts
  13 rats
387 creatures vanquished.

Vanquished Creatures (others)
  An orc wizard (Orc:4)
  A jackal (D:3)
2 creatures vanquished.

Grand Total: 389 creatures vanquished

Notes
Turn   | Place    | Note
--------------------------------------------------------------
     0 | D:1      | HEYYEYAAE the Human Air Elementalist began the quest for the Orb.
     0 | D:1      | Reached XP level 1. HP: 13/13 MP: 3/3
    71 | D:1      | Reached XP level 2. HP: 5/19 MP: 0/5
   524 | D:1      | Reached XP level 3. HP: 10/25 MP: 3/6
  1017 | D:2      | Found a sacrificial altar of Ru.
  1335 | D:2      | Reached XP level 4. HP: 21/31 MP: 0/7
  1780 | D:3      | Noticed HEYYEYAAE's ghost (average HuAE)
  1834 | D:3      | Killed HEYYEYAAE's ghost
  1834 | D:3      | Reached skill level 1 in Fighting
  1834 | D:3      | Reached skill level 1 in Armour
  1834 | D:3      | Reached XP level 5. HP: 31/37 MP: 1/9
  1885 | D:3      | Noticed Sigmund
  1906 | D:2      | Learned a level 3 spell: Static Discharge
  2144 | D:4      | Found Hairchonu's Antique Armour Shoppe.
  2161 | D:4      | Found a burning altar of Makhleb.
  2360 | D:4      | Noticed Charly's ghost (weakling GrBe)
  2590 | D:3      | Found an iron altar of Okawaru.
  2590 | D:3      | Found a radiant altar of Vehumet.
  2598 | D:3      | Became a worshipper of Vehumet
  2818 | D:4      | Bought a distressingly furry robe for 142 gold pieces
  2854 | D:4      | Reached XP level 6. HP: 18/43 MP: 0/10
  2867 | D:4      | Identified the cursed +0 robe "Fuuch" {-Tele rPois rCorr Dex+4} (You bought it in a shop on level 4 of the Dungeon)
  3018 | D:5      | Entered Level 5 of the Dungeon
  3039 | D:5      | Reached skill level 4 in Air Magic
  3210 | D:5      | Noticed Edmund
  3353 | D:5      | Found a staircase to the Ecumenical Temple.
  3423 | D:5      | Reached XP level 7. HP: 20/49 MP: 1/12
  3540 | D:5      | Acquired Vehumet's first power
  3540 | D:5      | Offered knowledge of Freeze by Vehumet.
  3885 | D:6      | Noticed a hippogriff
  3894 | D:6      | Killed a hippogriff
  3926 | D:6      | Found a shattered altar of Ashenzari.
  4107 | D:6      | Reached XP level 8. HP: 34/57 MP: 1/14
  4287 | D:6      | Reached skill level 5 in Air Magic
  4594 | D:7      | Offered knowledge of Magic Dart by Vehumet.
  4630 | D:7      | Got a jewelled rapier
  4632 | D:7      | Identified the +9 rapier of Income {holy, MR+ MP+9 Dex+2} (You found it on level 7 of the Dungeon)
  4740 | D:7      | Reached skill level 5 in Spellcasting
  4740 | D:7      | Reached skill level 5 in Conjurations
  4829 | D:7      | Got a shimmering amber ring
  4830 | D:7      | Identified the ring of Nixkinil {Int+3 Dex+4} (You found it on level 7 of the Dungeon)
  4946 | D:7      | Reached XP level 9. HP: 63/63 MP: 16/16
  4964 | D:7      | Learned a level 3 spell: Regeneration
  4970 | D:7      | Learned a level 5 spell: Lightning Bolt
  4974 | D:7      | Learned a level 3 spell: Vampiric Draining
  5153 | D:8      | Reached skill level 1 in Charms
  5203 | D:8      | Learned a level 2 spell: Repel Missiles
  5248 | D:8      | Reached skill level 6 in Air Magic
  5248 | D:8      | Offered knowledge of Stone Arrow by Vehumet.
  5250 | D:8      | Reached skill level 1 in Necromancy
  5286 | D:8      | Found a flagged portal.
  5295 | Bailey   | Entered a bailey
  5404 | Bailey   | Acquired Vehumet's second power
  5483 | Bailey   | Offered knowledge of Conjure Flame by Vehumet.
  5496 | Bailey   | Noticed an orc knight
  5512 | Bailey   | Killed an orc knight
  6000 | D:8      | Reached XP level 10. HP: 68/71 MP: 18/18
  6096 | D:9      | Found a staircase to the Lair.
  6248 | D:9      | Found a shimmering altar of Xom.
  6312 | D:9      | Acquired Vehumet's third power
  6407 | D:9      | Got a brightly glowing dagger
  6411 | D:9      | Identified the +12 dagger of Sunlight {pain, Int+4} (You found it on level 9 of the Dungeon)
  6449 | D:10     | Entered Level 10 of the Dungeon
  6579 | D:10     | Offered knowledge of Lee's Rapid Deconstruction by Vehumet.
  6784 | D:10     | Noticed Erolcha
  6790 | D:10     | Killed Erolcha
  6790 | D:10     | Reached skill level 5 in Dodging
  6790 | D:10     | Reached skill level 7 in Air Magic
  6869 | D:10     | Noticed confidenceinterval's ghost (experienced HEHu)
  6906 | D:10     | Killed confidenceinterval's ghost
  7117 | D:11     | Reached skill level 5 in Charms
  7117 | D:11     | Reached XP level 11. HP: 56/78 MP: 21/21
  7131 | D:11     | Noticed a hill giant
  7154 | D:11     | Killed a hill giant
  7326 | D:11     | Noticed a green ugly thing
  7349 | D:11     | Killed a green ugly thing
  7364 | D:11     | Reached skill level 8 in Air Magic
  7577 | D:11     | Reached skill level 5 in Fighting
  7609 | D:11     | Offered knowledge of Airstrike by Vehumet.
  7713 | D:11     | Found a staircase to the Orcish Mines.
  7725 | Orc:1    | Entered Level 1 of the Orcish Mines
  7729 | Orc:1    | Noticed Maurice
  7818 | D:11     | Killed Maurice
  7818 | D:11     | Reached skill level 5 in Armour
  7923 | Orc:1    | Noticed an orc sorcerer
  7936 | Orc:2    | Noticed an orc knight
  7950 | Orc:1    | Found a roughly hewn altar of Beogh.
  7985 | Orc:1    | Noticed an orc knight
  7988 | Orc:1    | Killed an orc sorcerer
  8054 | D:12     | Noticed a four-headed hydra
  8059 | D:12     | Noticed Psyche
  8073 | D:12     | Killed Psyche
  8101 | D:12     | Noticed a hill giant
  8115 | D:12     | Killed a hill giant
  8115 | D:12     | Reached XP level 12. HP: 66/86 MP: 8/23
  8134 | D:12     | Killed a one-headed hydra
  8136 | D:12     | HP: 1/86 [orc warrior/scimitar (11)]
  8142 | D:12     | Gained mutation: Scrolls take you a little longer to read. [potion of mutation]
  8142 | D:12     | Gained mutation: You evolve. [potion of mutation]
  8142 | D:12     | Gained mutation: You have a pair of small horns on your head. [potion of mutation]
  8143 | D:12     | Lost mutation: Scrolls take you a little longer to read. [potion of cure mutation]
  8143 | D:12     | Lost mutation: You have a pair of small horns on your head. [potion of cure mutation]
  8143 | D:12     | Lost mutation: You evolve. [potion of cure mutation]
  8366 | D:11     | Killed an orc knight
  8574 | Orc:1    | Noticed an orc knight
  8575 | Orc:1    | Noticed Harold
  8602 | Orc:1    | Killed Harold
  8602 | Orc:1    | Reached skill level 9 in Air Magic
  8757 | Orc:1    | Killed an orc knight
  8814 | Orc:2    | Found Wonoogg's Food Emporium.
  8819 | Orc:2    | Noticed Rupert
  9152 | Orc:1    | Killed an orc knight
  9384 | Orc:3    | Noticed an orc warlord
  9387 | Orc:4    | Entered Level 4 of the Orcish Mines
  9616 | Orc:4    | Noticed an orc high priest
  9652 | Orc:4    | Noticed a sun demon
  9655 | Orc:4    | Offered knowledge of Bolt of Draining by Vehumet.
  9669 | Orc:4    | HP: 1/87 [hellwing[an orc high priest] (11)]
  9669 | Orc:4    | Mangled by a hellwing

Vault maps used:
D:1:      minmay_arrival_stone_box
D:2:      wad_lake_hut, nicolae_ru_awakened_eye, first_bread
D:3:      gammafunk_temple_overflow_pools, uniq_sigmund, uniq_terence
D:4:      serial_shops, shop, makhleb_blood_cavern_becter
D:5:      minmay_temple_entry_junction, kennysheep_cluttered_room, uniq_edmund
D:6:      nicolae_overflow_hidden_temple, cheibrodos_ashenzari_chains
D:7:      lemuel_centaur_altar, uniq_joseph
D:8:      enter_bailey_1
D:9:      lair_0_dummy, basic_altar
D:10:     uniq_erolcha
D:11:     david_orc_4
D:12:     minmay_opposing_rooms, hangedman_ranch, uniq_psyche, uniq_josephine
Orc:1:    basic_altar, enter_volcano_1, uniq_maurice, uniq_harold
Orc:2:    serial_shops, shop, uniq_rupert
Orc:3:    portal_ice_cave_entry_imps, nicolae_orc_pool_cavern
Orc:4:    st_orc_mages
Bailey:   bailey_axe_2, bailey

Action                   |  1- 3 |  4- 6 |  7- 9 | 10-12 || total
-------------------------+-------+-------+-------+-------++-------
Melee: Unarmed           |    15 |       |       |       ||    15
       Short sword       |    68 |    40 |       |       ||   108
       War axe           |       |    21 |    71 |     8 ||   100
       Rapier            |       |       |    32 |   239 ||   271
 Cast: Shock             |    65 |    68 |   160 |   158 ||   451
       Static Discharge  |       |     4 |    29 |    39 ||    72
       Lightning Bolt    |       |       |     1 |    18 ||    19
       Vampiric Draining |       |       |       |    97 ||    97
       Regeneration      |       |       |       |    30 ||    30
       Repel Missiles    |       |       |       |     1 ||     1
Evoke: Wand              |       |       |    16 |     7 ||    23
  Use: Potion            |       |     8 |     1 |     9 ||    18
       Scroll            |       |    10 |     1 |     7 ||    18
 Stab: Sleeping          |     1 |     2 |     6 |     6 ||    15
       Distracted        |       |       |     2 |     1 ||     3
  Eat: Chunk             |     1 |     3 |     7 |     7 ||    18
       Beef jerky        |     1 |       |     1 |     1 ||     3
       Meat ration       |       |     1 |       |     2 ||     3
       Fruit             |       |       |       |     1 ||     1
       Pizza             |       |       |       |     1 ||     1
